 Dungeon Crawl Stone Soup version 0.31.0-32-g396128a36d (webtiles) character file.

Game seed: 17155995352361338829

1302 safid the Grappler (level 8, -1/56 (63) HPs)
             Began as a Yellow Draconian Shapeshifter on Apr 4, 2024.
             Slain by a wight
             ... wielding a +5 trident
              (3 damage)
             ... on level 6 of the Dungeon on Apr 8, 2024.
             The game lasted 00:10:08 (5096 turns).

safid the Grappler (Yellow Draconian Shapeshifter)  Turns: 5096, Time: 00:10:08

HP:   -1/56 (63)    AC:  6    Str: 18    XL:     8   Next: 31%
MP:   0/8           EV: 12    Int: 12    God:
Gold: 260           SH:  0    Dex: 10    Spells: 7/7 levels left

rFire   . .          .
                       - Unarmed
rCold   . . .        (no shield)
rNeg    . . .        (body armour unavailable)
rPois   .            (helmet currently unavailable)
rElec   .            (cloak currently unavailable)
rCorr   +            (gloves currently unavailable)
SInv    .            (boots currently unavailable)
Will    .....        e - amulet of guardian spirit
Stlth   +            (no ring)
HPRegen 0.29/turn    (no ring)
MPRegen 0.11/turn

%: guardian spirit
@: beast-form, heavily drained
A: beast (slay +2), spit acid, AC +6, unfitting armour, cold-blooded, acid
resistance
a: Breathe Acid, Begin Untransformation


You were on level 6 of the Dungeon.
You were a hulking beast.
You visited 1 branch of the dungeon, and saw 6 of its levels.

You collected 260 gold pieces.

Inventory:

Missiles
 d - 3 curare-tipped darts (quivered)
Jewellery
 e - an amulet of guardian spirit (around neck)
Talismans
 b - a beast talisman
 c - a flux talisman
Wands
 h - a wand of flame (15)
 q - a wand of quicksilver (6)
 s - a wand of iceblast (10)
Scrolls
 f - a scroll of teleportation
 k - 2 scrolls of enchant weapon
 l - a scroll of brand weapon {unknown}
 m - a scroll of fog {unknown}
 n - 2 scrolls of revelation
 o - 2 scrolls of fear
Potions
 a - a potion of lignification
 g - a potion of cancellation {unknown}
 i - a potion of might
 p - a potion of invisibility {unknown}
 r - a potion of heal wounds {unknown}
 t - a potion of enlightenment {unknown}


   Skills:
 * Level 3.2 Fighting
 - Level 2.0 Dodging
 + Level 9.0 Unarmed Combat
 * Level 5.2 Shapeshifting


You had 7 spell levels left.
You didn't know any spells.
Your spell library contained the following spells:

 Spells                   Type           Power      Damage    Failure   Level
 Sandblast                Erth           0%         2d4       32%         1
 Call Imp                 Summ           0%         N/A       45%         2
 Cigotuvi's Dreadful Rot  Necr/Alch/Air  0%         N/A       45%         2
 Sublimation of Blood     Necr           0%         N/A       45%         2
 Passwall                 Erth           0%         N/A       69%         3
 Stone Arrow              Conj/Erth      0%         3d7       69%         3
 Brom's Barrelling Bould  Conj/Erth      0%         2d3       97%         4
 Ignite Poison            Fire/Alch      0%         N/A       97%         4
 Freezing Cloud           Conj/Ice/Air   0%         6-21      100%        5
 Summon Hydra             Summ           0%         N/A       100%        7


Dungeon Overview and Level Annotations

Branches:
Dungeon (6/15)
 Temple: D:4-7

Altars:
Elyvilon
Makhleb
Yredelemnul


Innate Abilities, Weirdness & Mutations

You are a hulking beast.
Your limbs bulge with bestial killing power. (Slay +2)
You can spit globs of acid.
Your golden yellow scales are hard. (AC +6)
You cannot fit into any form of body armour.
You are cold-blooded and may be slowed by cold attacks.
You are resistant to acid. (rCorr)


Message History

Found a stone staircase leading down.
The orc hits you but does no damage.
You hit the orc.
Your tail-slap misses the orc.
The orc is heavily wounded.
You completely miss the orc. You tail-slap the orc.
You kill the orc!
No target in view!
Things that are here:
a +0 club; an orc corpse 2 wights come into view.
The wight moves out of view.
A wight is nearby!
A wight comes into view. It is wielding a +0 great sword.
The wight moves out of view.
The wight hits you with a +5 trident!
You feel drained.
You closely miss the wight. The wight hits you with a +5 trident.
You feel drained.
The wight hits you from afar with a +5 trident.
The wight attacks as it pursues you! The wight closely misses you.
The wight attacks as it pursues you! The wight misses you.
The wight attacks as it pursues you!
The wight hits you from afar with a +5 trident!
The wight attacks as it pursues you! The wight closely misses you.
The wight attacks as it pursues you! The wight hits you but does no damage.
The wight attacks as it pursues you! The wight barely misses you.
The wight attacks as it pursues you!
The wight hits you from afar with a +5 trident.
The wight attacks as it pursues you! The wight hits you with a +0 dagger.
You feel drained. The wight attacks as it pursues you!
The wight hits you from afar with a +5 trident!
The wight attacks as it pursues you!
The wight hits you from afar with a +5 trident!
* * * LOW HITPOINT WARNING * * *
You feel drained.
* * * LOW HITPOINT WARNING * * *
The wight attacks as it pursues you!
The wight hits you from afar with a +5 trident!
* * * LOW HITPOINT WARNING * * *
You feel drained.
You die...

.............#.............#
.............#.............#
....[...##..##..#####'###..#
.......)##..##..##.....#####
#...##...#.......#.....##..#
#.. #...#.......#..........
.. #...#.......#.......... .
#.(.#......##.....##...
#...#.h....##..^..##..#
#.)<#..z....#.....##..#
#...#...z...#..........
#...#.......+..........
#...#.....z.#.....##...
#...#.......#.....####+
#...#...##....######...
##############....##...
#..........


You could see 3 wights.

Vanquished Creatures
  An ice beast (D:5)
  A black bear (D:5)
  Blork the orc (D:4)
  A necrophage (D:5)
  A bullfrog (D:6)
  6 wights
  A bullfrog zombie (D:5)
  A centaur zombie (D:5)
  A human zombie (D:5)
  A hound (D:4)
  An iguana (D:2)
  3 orc wizards
  6 mummies (D:5)
  11 gnolls
  10 adders
  A ribbon worm (D:2)
  2 dart slugs
  13 orcs
  7 bats
  9 endoplasms
  A giant cockroach (D:4)
  5 goblins
  10 hobgoblins
  3 jackals (D:3)
  11 kobolds
  7 quokkas
  2 ball pythons
  8 frilled lizards
  4 rats
129 creatures vanquished.

Vanquished Creatures (others)
  An orc (D:4)
1 creature vanquished.

Grand Total: 130 creatures vanquished

Notes
Turn   | Place    | Note
-------+----------+-------------------------------------------
     0 | D:1      | safid the Draconian Shapeshifter began the quest for the
                  | Orb.
     0 | D:1      | Reached XP level 1. HP: 16/16 MP: 1/1
   202 | D:1      | Reached XP level 2. HP: 23/23 MP: 2/2
   565 | D:1      | Reached XP level 3. HP: 25/28 MP: 3/3
   920 | D:2      | Reached skill level 4 in Unarmed Combat
  1012 | D:2      | Reached XP level 4. HP: 34/35 MP: 4/4
  1456 | D:2      | HP: 2/52 [gnoll/+0 spear (4)]
  1467 | D:2      | Reached skill level 5 in Unarmed Combat
  1467 | D:2      | Reached XP level 5. HP: 4/40 MP: 5/5
  1874 | D:3      | Found a burning altar of Makhleb.
  2571 | D:3      | Reached XP level 6. HP: 27/47 MP: 3/6
  2702 | D:4      | Found a white marble altar of Elyvilon.
  2710 | D:4      | Noticed Blork the orc
  2723 | D:4      | Killed Blork the orc
  2724 | D:4      | Reached skill level 6 in Unarmed Combat
  3571 | D:5      | Entered Level 5 of the Dungeon
  3694 | D:5      | Your scales start taking on a golden yellow colour.
  3694 | D:5      | Reached XP level 7. HP: 43/55 MP: 4/7
  3694 | D:5      | Gained mutation: You are resistant to acid. (rCorr) [Yellow
                  | Draconian growth]
  3751 | D:5      | Reached skill level 7 in Unarmed Combat
  3855 | D:5      | HP: 2/56 [mummy (11)]
  3860 | D:5      | HP: 2/56 [bullfrog zombie (1)]
  4056 | D:5      | Found a basalt altar of Yredelemnul.
  4063 | D:5      | Reached skill level 8 in Unarmed Combat
  4117 | D:5      | Reached XP level 8. HP: 50/63 MP: 6/8
  4165 | D:5      | Reached skill level 5 in Shapeshifting
  4892 | D:6      | Reached skill level 9 in Unarmed Combat
  5096 | D:6      | HP: 2/58 [wight/+5 trident (9)]
  5096 | D:6      | Slain by a wight

Illustrated notes

Levels and vault maps discovered:
D:1:      eino_arrival_tree_alley, layout_basic, minmay_tromino_i4
D:2:      layout_rooms, serial_curves, eino_curves_04, eino_curves_02
D:3:      layout_basic, overflow_temple_1_default
D:4:      layout_cave_pools, kennysheep_little_box, uniq_blork_the_orc
D:5:      layout_loops_ring, lemuel_mausoleum_altar_yredelemnul
D:6:      layout_gridville

Skill      XL: |  1  2  3  4  5  6  7  8 |
---------------+-------------------------+-----
Dodging        | 2 |  2.0
Unarmed Combat | 4 5 6 8 9 |  9.0
Shapeshifting  | 4 5 |  5.2
Fighting       | 2 3 |  3.2

Action                     |  1- 3 |  4- 6 |  7- 9 || total
---------------------------+-------+-------+-------++-------
  Melee: Unarmed           |   115 |   196 |    99 ||   410
         Tailslap          |    10 |    24 |    18 ||    52
         Punch             |     1 |     7 |     6 ||    14
    Use: Scroll            |       |     5 |     3 ||     8
         Potion            |       |     1 |     1 ||     2
 Armour: Skin              |    68 |   144 |    57 ||   269
  Dodge: Dodged            |    84 |   120 |    49 ||   253
